[Event "Late-Titled-Tuesday-Blitz-March-05-2024"]
[Site "Chess.com"]
[Date "2024.03.05"]
[Round "8"]
[White "vladoboch"]
[Black "PepeCuenca"]
[Result "0-1"]
[WhiteElo "2437"]
[BlackElo "2681"]
[TimeControl "180+1"]
[EndTime "15:26:28 PST"]
[Termination "PepeCuenca won by resignation"]

1. e4 d6 2. d4 Nf6 3. Nc3 e5 4. Nge2 Be7 5. g3 O-O 6. Bg2 c6 7. O-O a5 8. a4 Na6 9. h3 Nb4 10. Be3 d5 11. dxe5 Nxe4 12. Nxe4 dxe4 13. Bxe4 Bxh3 14. Re1 Nd5 15. Nf4 Nxe3 16. Rxe3 Qxd1+ 17. Rxd1 Bg4 18. f3 Bc5 19. Kf2 Bc8 20. Nd3 Bxe3+ 21. Kxe3 Rd8 22. Rh1 h6 23. g4 Be6 24. b3 Rac8 25. Nc5 Rc7 26. Nxe6 fxe6 27. f4 Re7 28. g5 hxg5 29. fxg5 g6 30. Rh6 Rg7 31. Bxg6 Rd5 32. Kf4 Rd2 33. Be4 Rf2+ 34. Ke3 Rf1 35. g6 Rg1 36.
Rh2 Rd7 37. Bd3 Rg5 38. Kf4 Rg1 39. Rf2 Rd4+ 40. Ke3 Rd7 41. Rf6 Re7 42. Bc4 Kg7 43. Bd3 Rg5 44. Kf4 Rg2 45. Kf3 Rg1 46. Kf2 Rh1 47. Rf4 Rh5 48. Re4 Rg5 49. Ke3 Rxg6 50. Rd4 Rg5 51. Kf4 Rh5 52. Rd8 Rf7+ 53. Ke3 Rxe5+ 54.
Kd4 Rd5+ 55. Rxd5 exd5 56. Kc5 Kf6 57. Kb6 Ke5 58. Kxa5 Kd4 59. Kb6 c5 60. a5 c4 61.
bxc4 dxc4 62. Bg6 Rf6+ 63. Kxb7 Rxg6 64. a6 Kc3 65. a7 Rg8 66. a8=Q Rxa8 67. Kxa8 Kxc2 68.
Kb7 Kd3 69. Kb6 c3 70. Kc5 c2 0-1

[Event "Late-Titled-Tuesday-Blitz-March-05-2024"]
[Site "Chess.com"]
[Date "2024.03.05"]
[Round "8"]
[White "Irishchessman16"]
[Black "TheAlienParty"]
[Result "1-0"]
[WhiteElo "2526"]
[BlackElo "2395"]
[TimeControl "180+1"]
[EndTime "15:26:29 PST"]
[Termination "Irishchessman16 won on time"]

1. e4 e5 2. Nf3 Nc6 3. Bc4 Bc5 4.
O-O Nf6 5. d4 Bxd4 6. Nxd4 Nxd4 7. Bg5 d6 8. f4 Be6 9. Nd2 Bxc4 10. Nxc4 Ne6 11. Bxf6 gxf6 12. fxe5 fxe5 13. Qh5 Qe7 14.
Ne3 Nf4 15. Qg4 Qe6 16. Nf5 O-O-O 17. g3 Rdg8 18. Ne7+ Kd7 19. Qxe6+ Kxe6 20. Nxg8 Rxg8 21. Kh1 Nh3 22. Rae1 f6 23. Rf3 Rg6 24. Ra3 a6 25.
Rb3 b6 26. Rc3 Kd7 27. b4 Rg4 28. Kg2 Ng5 29. Rce3 Ne6 30. h3 Rg6 31. Kh2 Kc6 32. Rc3+ Kb5 33. a3 c5 34. bxc5 dxc5 35. Rb1+ Kc6 36.
a4 Nd4 37. Rb2 Rg8 38. Re3 h5 39. c3 Ne6 40. Rf2 Rd8 41. Rxf6 Rd6 42. Rf5 b5 43. axb5+ axb5 44. Rxe5 b4 45. cxb4 cxb4 46. Rb3 Nd4 47. Re3 Rf6 48. Kg2 b3 49. Re8 b2 50.
Rb8 Nb5 51. Rb3 b1=Q 52. Rxb1 Nc3 53. Rc1 Kc7 54. Rxc3+ Kxb8 55. e5 Re6 56. Rc5 Kb7 57. Kf3 Kb6 58. Rd5 Re8 59. Ke4 Rf8 60. e6 Rg8 61. Kf4 Rf8+ 62. Rf5 Re8 63. Ke5 Rg8 64.
e7 1-0

[Event "Late-Titled-Tuesday-Blitz-March-05-2024"]
[Site "Chess.com"]
[Date "2024.03.05"]
[Round "8"]
[White "kai_nov"]
[Black "ninguno46"]
[Result "1-0"]
[WhiteElo "2380"]
[BlackElo "2497"]
[TimeControl "180+1"]
[EndTime "15:26:30 PST"]
[Termination "kai_nov won by resignation"]

1. d4 Nf6 2. c4 e6 3. Nc3 Bb4 4. f3 d5 5. a3 Be7 6. e4 dxe4 7. fxe4 e5 8. d5 Bc5 9. Bg5 Bd4 10. Qd2 Nbd7 11.
Bd3 Nc5 12. Nge2 h6 13. Bxf6 Qxf6 14. Nxd4 exd4 15. Nb5 O-O 16. Bc2 d3 17. Bxd3 Nb3 18. Qd1 Nxa1 19. Qxa1 c6 20. Nc3 Qd4 21. Qd1 Bg4 22.
Be2 Qe3 23. Qd2 Qxd2+ 24. Kxd2 Bxe2 25. Kxe2 cxd5 26. exd5 Rfe8+ 27. Kd3 f5 28. Rf1 g6 29. c5 Kf7 30. b4 a5 31. b5 Kf6 32. Kd4 Rad8 33. b6 Re5 34. g3 g5 35. Kc4 Re3 36.
c6 Ke5 37. c7 Rc8 38. Nb5 Re2 39. Na7 Rc2+ 40. Kb5 R2xc7 41. bxc7 Rxc7 42. Kb6 Rc3 43. Nb5 Rd3 44. d6 f4 45. gxf4+ gxf4 46. Kxb7 f3 47. Kc7 Kf4 48. d7 Rxd7+ 49. Kxd7 Ke3 50. Nd6 Ke2 51. Rb1 f2 52. Nc4 f1=Q 53. Rxf1 Kxf1 54. Nxa5 Kg2 55. Nc4 Kxh2 56. a4 h5 57. a5 h4 58. a6 h3 59. a7 Kg1 60. a8=Q h2 61. Qa1+ Kg2 62. Qb2+ Kg3 63. Qc1 Kg2 64. Qd2+ Kg3 65. Qe1+ Kg2 66. Qe2+ Kg1 67. Qg4+ Kh1 68. Qd1+ Kg2 69. Ne3+ Kf2 70. Qh1 1-0

[Event "Late-Titled-Tuesday-Blitz-March-05-2024"]
[Site "Chess.com"]
[Date "2024.03.05"]
[Round "8"]
[White "rikchessmx"]
[Black "GiorgianBarbosa"]
[Result "1-0"]
[WhiteElo "2309"]
[BlackElo "2404"]
[TimeControl "180+1"]
[EndTime "15:26:30 PST"]
[Termination "rikchessmx won on time"]

1. e4 c5 2. Nf3 g6 3. d4 cxd4 4.
Qxd4 Nf6 5. e5 Nc6 6. Qc4 d5 7.
exd6 Qxd6 8. Nc3 Bf5 9. Nb5 Qb4+ 10. c3 Qxc4 11. Bxc4 Rc8 12. Bf4 Nh5 13. Nc7+ Kd8 14. O-O-O+ Bd7 15. Ne6+ fxe6 16. Bxe6 Nxf4 17. Bxd7 Kc7 18.
Bxc8 Kxc8 19. g3 Nh5 20. Ng5 Bh6 21. f4 Bxg5 22. fxg5 Ng7 23. Rhf1 Nf5 24. Rde1 h5 25. Re6 Rg8 26. Rd1 Nd6 27. b3 Kd7 28. Re4 Rg7 29. c4 b6 30. Rf4 a5 31. Kb2 Ne5 32. Rd5 Nf7 33. c5 bxc5 34. Rxc5 Nxg5 35. Rxg5 Nb7 36. Rd4+ Kc6 37. Rc4+ Kb6 38. Rc8 Nd6 39. Rb8+ Ka7 40. Rd8 Kb6 41. a4 Rf7 42. Rg8 Rf2+ 43. Ka3 Rxh2 44. R8xg6 Rh3 45. Rb5+ Kc7 46. Rxa5 h4 47.
gxh4 Nc4+ 48. Kb4 Nxa5 49. Kxa5 Rxh4 50. b4 Rf4 51. b5 Rf1 52. Re6 Kd7 53. Rc6 Rb1 54.
Rc2 e5 55. Ka6 e4 56. a5 e3 57. b6 Rb3 58. Ka7 Kd6 59. b7 Kd5 60. b8=Q Rxb8 61.
Kxb8 Kd4 62. Re2 Kd3 63. Rxe3+ Kxe3 64. a6 Kf3 65. a7 Kg3 66. a8=Q Kh3 67. Qc6 1-0

[Event "Late-Titled-Tuesday-Blitz-March-05-2024"]
[Site "Chess.com"]
[Date "2024.03.05"]
[Round "8"]
[White "SocoLoco"]
[Black "emeli_chess"]
[Result "0-1"]
[WhiteElo "2216"]
[BlackElo "2412"]
[TimeControl "180+1"]
[EndTime "15:26:30 PST"]
[Termination "emeli_chess won on time"]

1. e4 c5 2. Nf3 d6 3. d3 Nc6 4.
g3 g6 5. Bg2 Bg7 6. O-O e6 7. Nbd2 Nge7 8. c3 O-O 9. Qe2 Rb8 10.
Nh4 b5 11. f4 f5 12. Rd1 b4 13.
Nb1 bxc3 14. bxc3 Nd4 15. Qf2 Nb5 16. Bb2 Nxc3 17. Bxc3 Rxb1 18. Raxb1 Bxc3 19. Nf3 Nc6 20. Kh1 Bg7 21. h3 Nd4 22. Kh2 Qc7 23. Nxd4 Bxd4 24.
Qc2 Bd7 25. Qb3 Kg7 26. Qb7 Rc8 27. Qxc7 Rxc7 28. Rdc1 Kf6 29. g4 e5 30. Kg3 exf4+ 31. Kxf4 g5+ 32. Kf3 f4 33. Rb8 a6 34. Rcb1 Bb5 35.
Rf8+ Ke7 36. Rg8 Bxd3 37. Rbb8 Kd7 38. h4 h6 39. hxg5 hxg5 40. Rxg5 Be5 41. Rgg8 Kc6 42. g5 Re7 43. Bh3 Bd4 44. g6 Bxe4+ 45. Kg4 f3 46.
Kg3 f2 47. Bf1 Re6 48. Rgc8+ Kd5 49. Re8 Rxg6+ 50. Kh4 Rg1 51. Bxa6 f1=Q 52. Bxf1 Rxf1 53. Rg8 Rh1+ 54. Kg5 Rg1+ 55. Kf4 Rxg8 56. Rxg8 Bb1 57. Rg5+ Kc4 58. Rg6 d5 59. Ra6 Kd3 60. Kf3 c4 61.
Rc6 c3 62. Kf4 c2 63. Kf5 Bc3 64. Rc5 c1=Q 65. Rxd5+ Kc4+ 66. Ke6 Qe3+ 67. Kd6 Qb6+ 0-1

[Event "Late-Titled-Tuesday-Blitz-March-05-2024"]
[Site "Chess.com"]
[Date "2024.03.05"]
[Round "8"]
[White "SnekkerAndersen"]
[Black "bancsoo"]
[Result "1/2-1/2"]
[WhiteElo "2718"]
[BlackElo "2882"]
[TimeControl "180+1"]
[EndTime "15:26:34 PST"]
[Termination "Game drawn by repetition"]

1. d4 Nf6 2. c4 e6 3. Nf3 Bb4+ 4.
Bd2 Qe7 5. e3 O-O 6. Bd3 Bxd2+ 7.
Nbxd2 d6 8. O-O e5 9. Qc2 Nc6 10. a3 Re8 11. d5 Nb8 12. Ng5 h6 13. Nge4 Nxe4 14. Bxe4 a5 15. c5 Na6 16. cxd6 cxd6 17. Rac1 Bd7 18. Bf5 Rec8 19. Qb1 b5 20. Bxd7 Qxd7 21.
Ne4 f5 22. Ng3 g6 23. f4 Nc5 24. fxe5 dxe5 25. b4 axb4 26. axb4 Na4 27. Qd3 Nb2 28.
Qe2 Nc4 29. Rfd1 e4 30. Qf2 Ne5 31. Ne2 Rxc1 32. Nxc1 Qd6 33. Qg3 Kf7 34. Ne2 Nc4 35. Qh3 Kg7 36. Nf4 Ra3 37. Ne6+ Kh7 38. Ng5+ Kg7 39. Ne6+ Kh7 40. Qh4 Nxe3 41. Qf6 Ra7 42. Rc1 Qxh2+ 43. Kxh2 Ng4+ 44. Kg1 Nxf6 45. d6 Rd7 46.
Rc7 Kg8 47. Rc8+ Kf7 48. Nc5 Rxd6 49. Rb8 Nd5 50. Rxb5 Kf6 51. Rb8 Kg5 52. b5 Rb6 53. Rxb6 Nxb6 54. Ne6+ Kf6 55. Nf4 g5 56. Ne2 Ke5 57.
Kf2 f4 58. g3 Kf5 59. Nd4+ Ke5 60. Nc6+ Kd5 61. Ne7+ Kc4 62. Nf5 Kd3 63. gxf4 gxf4 64. Nxh6 Kd2 65. Ng4 e3+ 66. Kg2 e2 67. Ne5 Ke3 68.
Nf3 Nc4 69. Ne1 Nb6 70. Nf3 Nd5 71.
Ne1 Nb6 72. Nf3 1/2-1/2

[Event "Late-Titled-Tuesday-Blitz-March-05-2024"]
[Site "Chess.com"]
[Date "2024.03.05"]
[Round "8"]
[White "Slovak_fighter2000"]
[Black "Inepton_Fermion"]
[Result "1-0"]
[WhiteElo "2643"]
[BlackElo "2472"]
[TimeControl "180+1"]
[EndTime "15:26:47 PST"]
[Termination "Slovak_fighter2000 won on time"]

1. c4 e5 2. Nc3 Bb4 3. Qc2 Nf6 4. Nf3 Nc6 5. e3 O-O 6. a3 Bxc3 7. Qxc3 e4 8. Nd4 Ne5 9. Be2 d6 10. b4 Bg4 11. f3 exf3 12. gxf3 Bh3 13. Bb2 Re8 14.
O-O-O c5 15. Nb3 d5 16. f4 Ne4 17. Qc2 Nxc4 18. Bxc4 dxc4 19. Qxc4 cxb4 20. Qxb4 Nf2 21.
Kb1 Bf5+ 22. Ka1 Qb6 23. Rhg1 Qxb4 24. axb4 Nxd1 25. Bxg7 f6 26. Bh6+ Bg6 27. f5 Nf2 28. fxg6 hxg6 29. Bf4 Kf7 30. Nd4 Nh3 31. Rf1 Nxf4 32.
Rxf4 Rh8 33. Rf2 Rh5 34. Kb2 a5 35. bxa5 Raxa5 36. Kc3 Ra3+ 37. Kc2 Ra8 38. Nf3 Rc8+ 39. Kd3 Kg7 40. Ke2 b5 41. Rf1 b4 42. Rb1 Rb8 43. Rb3 Kf7 44. d4 g5 45. d5 g4 46.
Nd4 Rxh2+ 47. Kd3 Rh5 48. Ke4 Rb7 49. Kf4 Rg5 50. Kg3 Rxd5 51. Kxg4 Rc5 52. Kf4 Rc3 53.
Rb2 b3 54. Ke4 Ke7 55. Kd5 Rd7+ 56. Ke4 Rb7 57. Kd5 Rb6 58. Ke4 Rd6 59. Nf5+ Kd7 60. Nxd6 Kxd6 61. Kd4 Rc7 62. Rxb3 Ke7 63. Ke4 Kf7 64.
Kf4 Re7 65. e4 Re5 66. Rb6 Re6 67. Rb7+ Re7 68. Rb1 Re5 69. Rg1 Ke6 70. Rg6 1-0

[Event "Late-Titled-Tuesday-Blitz-March-05-2024"]
[Site "Chess.com"]
[Date "2024.03.05"]
[Round "8"]
[White "mightysmasher"]
[Black "DeTimmerman"]
[Result "0-1"]
[WhiteElo "2594"]
[BlackElo "2758"]
[TimeControl "180+1"]
[EndTime "15:26:49 PST"]
[Termination "DeTimmerman won by checkmate"]

1. e4 e5 2. Nf3 Nc6 3. d4 exd4 4. Nxd4 Nf6 5. Nc3 Bb4 6. Nxc6 bxc6 7. Bd3 d5 8. exd5 O-O 9. O-O cxd5 10. Bg5 c6 11.
Qf3 Be7 12. Rfe1 Re8 13. h3 Rb8 14. b3 h6 15. Bh4 Rb4 16. Bg3 Be6 17. Ne2 c5 18. Nf4 Bd6 19. Nxe6 fxe6 20. Rad1 Bxg3 21. Qxg3 Qb8 22. Qg6 Kf8 23. Re3 e5 24. Rf3 Rb6 25. Rg3 Qc7 26. Re1 e4 27. Bf1 Qf7 28. Qxf7+ Kxf7 29. Rd1 d4 30. Bc4+ Kf8 31. c3 d3 32. Re3 Rd6 33. f3 d2 34. fxe4 Rxe4 35. Rf3 Re1+ 36. Rf1 Rxd1 37. Rxd1 Ne4 38. Rf1+ Ke8 39. Bb5+ Ke7 40.
Be2 Nxc3 41. Bd1 Re6 42. Bc2 Re1 43. Kf2 Rxf1+ 44. Kxf1 d1=R+ 45. Bxd1 Nxd1 46. Ke2 Nc3+ 47. Kd3 Nxa2 48. Kc4 Kd6 49. g4 Nb4 50. h4 a6 51.
g5 hxg5 52. hxg5 g6 53. Kc3 Kd5 54. Kb2 Kd4 55. Ka3 Nc6 56. Ka4 Kc3 57. Ka3 c4 58.
bxc4 Kxc4 59. Ka4 Kd5 60. Ka3 Ke5 61. Kb3 Kf5 62. Kc4 Kxg5 63. Kc5 Kf4 64. Kxc6 g5 65. Kb6 g4 66. Kxa6 g3 67. Kb6 g2 68. Kc5 g1=Q+ 69.
Kc6 Qd1 70. Kb7 Qd6 71. Ka8 Qb4 72. Ka7 Ke5 73. Ka6 Kd6 74. Ka7 Kc7 75. Ka6 Qa4# 0-1

[Event "Late-Titled-Tuesday-Blitz-March-05-2024"]
[Site "Chess.com"]
[Date "2024.03.05"]
[Round "8"]
[White "grzechu96"]
[Black "RantomOpening"]
[Result "1/2-1/2"]
[WhiteElo "2730"]
[BlackElo "2592"]
[TimeControl "180+1"]
[EndTime "15:27:01 PST"]
[Termination "Game drawn - insufficient material"]

1. e4 c5 2. Nf3 e6 3. g3 Nc6 4.
Bg2 d5 5. exd5 exd5 6. d4 cxd4 7. Nxd4 Nf6 8. O-O Bg4 9. Nxc6 bxc6 10. Qd4 Be7 11. Bg5 Be6 12. Nd2 h6 13. Bf4 O-O 14.
Nb3 Nd7 15. Qd2 Nf6 16. Nd4 Bd7 17. Qd3 Re8 18. c4 Qb6 19. b3 c5 20. Nf5 dxc4 21. Nxe7+ Rxe7 22. Qxc4 Bb5 23. Qc2 Rd8 24. Rfe1 Rxe1+ 25.
Rxe1 Nd5 26. Qf5 Nxf4 27. Qxf4 Qd6 28. Qxd6 Rxd6 29. Rc1 Rd2 30. h4 Rxa2 31. Rxc5 a6 32. Bd5 Rd2 33. h5 Rd1+ 34. Kh2 Bd7 35. Bc4 Bg4 36.
Rc7 Bf3 37. g4 Bd5 38. Rd7 Rh1+ 39. Kg3 Bxc4 40. bxc4 Rc1 41. Rc7 Rc3+ 42. Kf4 a5 43. Ke4 a4 44. Kd4 Rc2 45. Ra7 Ra2 46. c5 Ra1 47. c6 a3 48. c7 Rd1+ 49. Ke5 Rc1 50.
Kd5 a2 51. Kd6 Rd1+ 52. Ke7 Rc1 53. Ra8+ Kh7 54. Kd7 Rd1+ 55. Kc6 a1=Q 56. Rxa1 Rxa1 57. c8=Q Rc1+ 58. Kd7 Rxc8 59. Kxc8 g6 60. Kd7 f5 61. gxf5 gxh5 62. Ke7 h4 63. f6 h3 64. f7 h2 65. f8=Q h1=Q 66. Qf7+ Kh8 67. Qf6+ Kh7 68.
Kf7 Qd5+ 69. Qe6 Qf3+ 70. Qf6 Qd5+ 71. Kf8 Qa8+ 72. Ke7 Qg8 73. Qf7+ Qg7 74. f4 Qxf7+ 75. Kxf7 h5 76. f5 h4 77. f6 h3 78. Ke7 h2 79. f7 h1=Q 80. f8=Q Qe4+ 81. Kf6 Qf4+ 82. Ke7 Qe4+ 83. Kf7 Qd5+ 84. Ke7 Qc5+ 85. Kf7 Qxf8+ 86. Kxf8 1/2-1/2

[Event "Late-Titled-Tuesday-Blitz-March-05-2024"]
[Site "Chess.com"]
[Date "2024.03.05"]
[Round "8"]
[White "mac0504"]
[Black "MatthewG-p4p"]
[Result "1/2-1/2"]
[WhiteElo "2725"]
[BlackElo "2888"]
[TimeControl "180+1"]
[EndTime "15:27:08 PST"]
[Termination "Game drawn - insufficient material"]

1. Nf3 c5 2. g3 g6 3. Bg2 Bg7 4. O-O Nc6 5. c3 e5 6. e4 Nge7 7. Na3 O-O 8. d3 d6 9. Nc4 Be6 10. a4 h6 11. Nfd2 Qd7 12. f4 exf4 13. gxf4 f5 14. Ne3 d5 15. exd5 Nxd5 16. Ndc4 Rad8 17. Qe1 Nxe3 18. Qxe3 Bd5 19. Qg3 Bxg2 20. Kxg2 Qxd3 21. Qxd3 Rxd3 22. Be3 Re8 23. Bxc5 Re4 24. Nd6 Re2+ 25. Rf2 Rxf2+ 26. Kxf2 Rd2+ 27. Ke3 Rxb2 28. Rg1 b6 29.
Bd4 Nxd4 30. cxd4 Rb3+ 31. Ke2 Kh7 32. d5 Rb2+ 33. Kd3 Rb3+ 34. Ke2 Rb4 35. Rd1 Rxf4 36.
Nb5 a6 37. Nc7 Rxa4 38. d6 Re4+ 39. Kf3 Be5 40. Ne8 Rf4+ 41. Ke3 Bxd6 42. Nxd6 Rh4 43.
Rc1 Kg7 44. Rc7+ Kf6 45. Nc8 Rxh2 46. Rc6+ Kg5 47. Ne7 Rh3+ 48. Kf2 Rb3 49. Rxg6+ Kf4 50. Rxh6 Ke4 51. Nc8 Rb2+ 52. Kf1 Kf3 53. Ke1 Rb1+ 54. Kd2 b5 55. Rxa6 b4 56. Nd6 f4 57. Nc4 Kg2 58.
Rg6+ Kf2 59. Ne5 Rb2+ 60. Kd1 Rb3 61. Rf6 Ke3 62. Nc4+ Kd3 63. Ne5+ Ke4 64. Nc4 Rd3+ 65. Ke2 Rc3 66. Nd2+ Ke5 67. Rf8 Re3+ 68. Kd1 Rc3 69. Ke2 b3 70. Re8+ Kd4 71. Re4+ Kd5 72. Rxf4 b2 73. Rf5+ Kc6 74. Rf6+ Kb5 75. Rf8 Rc2 76. Rb8+ Ka4 77. Kd3 Rc7 78. Rxb2 Ka5 79. Nc4+ Ka6 80.
Kd4 Rd7+ 81. Kc3 Rc7 82. Rh2 Kb5 83. Rh5+ Rc5 84. Rxc5+ Kxc5 1/2-1/2

[Event "Late-Titled-Tuesday-Blitz-March-05-2024"]
[Site "Chess.com"]
[Date "2024.03.05"]
[Round "8"]
[White "Mr_Heisenberg13"]
[Black "HansOnTwitch"]
[Result "1-0"]
[WhiteElo "2860"]
[BlackElo "3100"]
[TimeControl "180+1"]
[EndTime "15:27:18 PST"]
[Termination "Mr_Heisenberg13 won on time"]

1. d4 Nf6 2. c4 e6 3. Nf3 b6 4. g3 Bb7 5. Bg2 Be7 6. O-O O-O 7.
h4 a5 8. Nc3 Ne4 9. Nxe4 Bxe4 10.
Ng5 Bxg2 11. Kxg2 h6 12. Nf3 d6 13. e4 Nd7 14. Qc2 c5 15. d5 Qe8 16. Be3 Nf6 17. Rfe1 Ng4 18. Bf4 e5 19. Bd2 f5 20. exf5 Qh5 21.
Be3 Rxf5 22. Nd2 Raf8 23. Ne4 Rf3 24. Qd3 Qf5 25. Rad1 Qh5 26. Re2 Nxe3+ 27. Rxe3 Rxe3 28. fxe3 Bxh4 29. Rf1 Be7 30. Rxf8+ Bxf8 31. Qf1 Qg6 32. Qf3 h5 33. a4 Be7 34. b3 Bg5 35. Kh3 Bf6 36.
Kg2 Be7 37. Kh3 Kh7 38. Kg2 h4 39. Kh3 hxg3 40. Nxg3 Bg5 41. Nf5 Kg8 42. Qg4 Qf6 43. Kg2 g6 44. Nxd6 Bxe3 45. Ne4 Qf5 46. Qf3 Bf4 47.
d6 Kf7 48. Qd3 Qg4+ 49. Kf1 Qd7 50. Qd5+ Kg7 51. Qd3 g5 52. Ke2 g4 53. Qd5 g3 54.
Kf3 Qh3 55. d7 g2+ 56. Kf2 Be3+ 57. Ke2 g1=Q 58. Qxe5+ Kh7 59. Qe7+ Kh6 60. Qf6+ Kh5 61. Qh8+ Kg4 62. Qxh3+ Kxh3 63. d8=Q Bd4 64. Qd7+ Kh4 65. Qh7+ Kg4 66. Qg6+ Kf4 67. Qxg1 Bxg1 68. Kd3 Ke5 69.
Nc3 Kd6 70. Nd5 Kc6 71. Ke4 Bd4 72. Kf5 Bf2 73. Ke6 Bh4 74. Ne3 Bd8 75. Nf5 Bg5 76.
Ng7 Bh4 77. Nh5 Bg5 78. Ng3 Bh4 79. Ne4 Bd8 80. Ng3 Bg5 81. Nf5 Bd8 82. Ng7 Bg5 83. Ne8 Bd8 84. Nd6 Bh4 85. Nf7 Kc7 86. Ne5 Bg3 87. Kd5 1-0

[Event "Late-Titled-Tuesday-Blitz-March-05-2024"]
[Site "Chess.com"]
[Date "2024.03.05"]
[Round "8"]
[White "guillembaches"]
[Black "AldokhinIvan"]
[Result "0-1"]
[WhiteElo "2538"]
[BlackElo "2685"]
[TimeControl "180+1"]
[EndTime "15:27:20 PST"]
[Termination "AldokhinIvan won on time"]

1. Nf3 Nf6 2. d4 g6 3. Bg5 Bg7 4. Nbd2 O-O 5. e3 d5 6. Be2 c5 7. c3 Nc6 8. O-O Qb6 9. Qb3 c4 10. Qa3 Bf5 11. b3 cxb3 12. axb3 Rfe8 13. b4 Nd8 14.
Qa5 Qc6 15. Qc5 Qxc5 16. bxc5 Nd7 17. Bb5 f6 18. Bh4 Nc6 19. Ra4 a6 20. Rfa1 Rac8 21. Bf1 e5 22. R4a2 h5 23. h3 g5 24. Bg3 h4 25.
Bh2 e4 26. Ne1 Ndb8 27. Rb2 Re7 28. Rab1 Na5 29. Ra1 Nac6 30. Nc2 Rd8 31. Nb4 Rdd7 32. Rab1 Na5 33. Ra1 Nac6 34. Nb3 Nxb4 35. cxb4 Nc6 36. b5 axb5 37. Bxb5 Be6 38. Na5 Nxa5 39. Bxd7 Bxd7 40. Rxa5 Bc6 41. Rba2 Kf7 42. Ra8 f5 43. Bd6 Rd7 44. Rc8 f4 45. Raa8 f3 46. Bf8 Bf6 47. Bd6 Kg6 48.
Rg8+ Kf7 49. Raf8+ Ke6 50. Rb8 Kf7 51. Rgf8+ Kg6 52. Rg8+ Kf7 53. Rgf8+ Kg6 54. gxf3 exf3 55. Rfc8 Kf7 56. Rc7 Rxc7 57. Bxc7 Ke6 58. Bh2 Kf5 59. Kf1 Bb5+ 60. Ke1 Bc6 61. Kd2 g4 62. hxg4+ Kxg4 63. Rf8 Be7 64. Rf7 Bd8 65. Bf4 Kh3 66. Rf8 Ba5+ 67. Kd1 Kg2 68. Rh8 h3 69. Bg3 Bb5 70.
Rg8 Be2+ 71. Kc1 Be1 72. Rg7 Bxf2 73. Bxf2+ Kxf2 74. Rxb7 h2 75. Rh7 Kg2 76. c6 h1=Q+ 77. Rxh1 Kxh1 78. c7 Ba6 79. e4 f2 0-1

[Event "Late-Titled-Tuesday-Blitz-March-05-2024"]
[Site "Chess.com"]
[Date "2024.03.05"]
[Round "8"]
[White "secretsuperstar7"]
[Black "carloseduar100"]
[Result "0-1"]
[WhiteElo "2495"]
[BlackElo "2369"]
[TimeControl "180+1"]
[EndTime "15:27:21 PST"]
[Termination "carloseduar100 won on time"]

1. c4 Nf6 2. Nc3 g6 3. g3 Bg7 4.
Bg2 O-O 5. Nf3 d6 6. O-O Nbd7 7. d3 e5 8. Rb1 a6 9. b4 Re8 10. a4 h5 11. b5 axb5 12. axb5 Nf8 13. Ne1 N8h7 14. h4 Qd7 15. Nc2 c6 16. bxc6 bxc6 17. Nb4 Bb7 18. Na4 Qc7 19. Be3 c5 20. Bxb7 Qxb7 21.
Nd5 Qa6 22. Nab6 Ra7 23. Qc2 Nxd5 24. Nxd5 Nf6 25. Rb6 Nxd5 26. Rxa6 Nxe3 27. fxe3 Rxa6 28. Qb3 Ra7 29. Qb6 Rd7 30. Qc6 Red8 31. Rb1 Bf6 32. Kg2 Kg7 33. Kf3 Ra7 34. Rb6 Re7 35. g4 Bxh4 36.
gxh5 gxh5 37. Qe4 Bf6 38. Rb1 Bg5 39. Rh1 Kh6 40. Qg4 h4 41. Rxh4+ Kg6 42. Qh5+ Kf6 43.
Rg4 Rg8 44. e4 Ree8 45. Qh1 Rh8 46. Qg1 Reg8 47. e3 Rh3+ 48. Rg3 Bxe3 49. Rxh3 Rxg1 50.
Kxe3 Rg6 51. Rf3+ Ke6 52. Rh3 f5 53. exf5+ Kxf5 54. Rh5+ Ke6 55. Rh8 Rg3+ 56. Ke4 Rg4+ 57. Ke3 Rd4 58. Rh6+ Kd7 59. Rh7+ Kc6 60. Rh8 Rg4 61.
Rc8+ Kd7 62. Rh8 Rg3+ 63. Ke4 Rg4+ 64. Ke3 Ke6 65. Rh7 Kf5 66. Rh5+ Rg5 67. Rh6 Rg3+ 68. Ke2 Rg6 69. Rh5+ Kf4 70. Rh4+ Kg3 71. Rh8 Rf6 72. Rg8+ Kf4 73. Rd8 e4 74. dxe4 Kxe4 75. Kd2 Kd4 76. Kc2 Kxc4 77. Kb2 d5 78. Ra8 d4 79. Kc2 d3+ 80.
Kd2 Rf2+ 81. Ke3 Re2+ 82. Kf3 Re5 83. Ra4+ Kd5 84. Ra2 c4 85. Ra5+ Kd4 86. Ra8 Re3+ 0-1

[Event "Late-Titled-Tuesday-Blitz-March-05-2024"]
[Site "Chess.com"]
[Date "2024.03.05"]
[Round "8"]
[White "Harry_Rakkel"]
[Black "Arystanner"]
[Result "1-0"]
[WhiteElo "2714"]
[BlackElo "2860"]
[TimeControl "180+1"]
[EndTime "15:27:28 PST"]
[Termination "Harry_Rakkel won on time"]

1. e4 c5 2. Nf3 e6 3. d4 cxd4 4. Nxd4 Nc6 5. Nc3 Qc7 6. Be2 a6 7. O-O b5 8. Nxc6 Qxc6 9. Bf3 Bb7 10. Re1 Ne7 11. a4 b4 12. Nd5 Ng6 13. a5 Bc5 14. Be3 O-O 15. Nb6 Bxe3 16. Rxe3 Ne5 17. Nxa8 Rxa8 18. Be2 f5 19. Qd4 f4 20. Rb3 Qxc2 21. Bd1 Qxe4 22. Qxe4 Bxe4 23. Rxb4 Bc6 24. Rxf4 Nd3 25. Rd4 Nxb2 26. Be2 d5 27. Rb4 Nc4 28. Bxc4 dxc4 29. Rxc4 Bb5 30. Rc7 Rd8 31. f3 h6 32.
Re1 Rd6 33. h4 Kh7 34. Kf2 Kg6 35. Kg3 h5 36. Re5 Kh6 37. Ra7 Kg6 38. Rg5+ Kf6 39. Rgxg7 Rd2 40. Raf7+ Ke5 41. Rg5+ Kd6 42. Rh7 Bf1 43. Kh2 Be2 44. Rg3 Rd5 45. Rg5 Rd2 46. Kg1 e5 47. Rhxh5 Rd5 48. Rg6+ Kc5 49. Re6 Kd4 50. Kf2 Bd3 51. f4 Rxa5 52. Rhxe5 Ra2+ 53. Kg3 a5 54. Rd6+ Kc4 55. Re3 Bf1 56. Kg4 Rxg2+ 57. Kf5 a4 58. Re4+ Kc5 59. Rdd4 a3 60. Ra4 a2 61.
Re5+ Kb6 62. Rea5 Bd3+ 63. Kf6 Bb1 64. Ke5 Rh2 65. Kf6 Rg2 66. Ra6+ Kb5 67. R4a5+ Kb4 68.
f5 Rh2 69. Ra4+ Kb5 70. Kg5 Rg2+ 71. Kh6 Rh2 72. R6a5+ Kb6 73. h5 Rh1 74. Ra6+ Kb5 75. R6a5+ Kb6 76. f6 Rf1 77. Ra6+ Kb5 78. R4a5+ Kb4 79.
Kg7 Rg1+ 80. Kf8 Kb3 81. Ra3+ Kb2 82. f7 Rf1 83. R3a5 Rg1 84. Rb6+ Kc2 85. Rg6 Rf1 86. Kg7 Kb2 87. Rb6+ Kc3 88. f8=Q 1-0

[Event "Late-Titled-Tuesday-Blitz-March-05-2024"]
[Site "Chess.com"]
[Date "2024.03.05"]
[Round "9"]
[White "madstalk3rs"]
[Black "kagg1125"]
[Result "1-0"]
[WhiteElo "2647"]
[BlackElo "2530"]
[TimeControl "180+1"]
[EndTime "15:34:10 PST"]
[Termination "madstalk3rs won by resignation"]

1. e4 e5 2. Nf3 Nc6 3. Nc3 Nf6 4. d4 exd4 5. Nxd4 Bb4 6. Nxc6 bxc6 7. Bd3 d5 8. exd5 O-O 9. O-O Bg4 10. f3 Bh5 11.
Bg5 Qxd5 12. Nxd5 1-0

[Event "Late-Titled-Tuesday-Blitz-March-05-2024"]
[Site "Chess.com"]
[Date "2024.03.05"]
[Round "9"]
[White "ventdelest"]
[Black "PawnEatingZombie"]
[Result "0-1"]
[WhiteElo "2063"]
[BlackElo "2167"]
[TimeControl "180+1"]
[EndTime "15:36:12 PST"]
[Termination "PawnEatingZombie won by resignation"]

1. e4 d6 2. d4 Nf6 3. Nc3 e5 4. Nf3 Nbd7 5. Bc4 Be7 6. Bxf7+ Kxf7 7. Ng5+ Kg8 8. Ne6 Qe8 9. Nxc7 Qg6 10. Nxa8 Qxg2 11. Rf1 b6 12. Nc7 exd4 13. Qxd4 Ne5 14. Bf4 Nf3+ 0-1

[Event "Late-Titled-Tuesday-Blitz-March-05-2024"]
[Site "Chess.com"]
[Date "2024.03.05"]
[Round "9"]
[White "ZachHKL"]
[Black "SmirnovTimofey2000"]
[Result "1-0"]
[WhiteElo "2147"]
[BlackElo "1952"]
[TimeControl "180+1"]
[EndTime "15:36:13 PST"]
[Termination "ZachHKL won by resignation"]

1. e4 e5 2. Nf3 Nf6 3. Nc3 Bb4 4.
Nxe5 O-O 5. Bd3 Bxc3 6. dxc3 Nxe4 7. Bxe4 Re8 8. Bxh7+ Kxh7 9. Qh5+ Kg8 10. Qxf7+ Kh8 11.
Qh5+ Kg8 12. O-O Qf6 13. Qxe8+ 1-0

[Event "Late-Titled-Tuesday-Blitz-March-05-2024"]
[Site "Chess.com"]
[Date "2024.03.05"]
[Round "9"]
[White "adricalderon8"]
[Black "carloseduar100"]
[Result "1-0"]
[WhiteElo "2526"]
[BlackElo "2364"]
[TimeControl "180+1"]
[EndTime "15:36:17 PST"]
[Termination "adricalderon8 won by resignation"]

1. Nf3 Nf6 2. c4 g6 3. b3 Bg7 4. Bb2 O-O 5. e3 d5 6. Be2 dxc4 7. bxc4 c5 8. O-O Nc6 9. d3 b6 10. Nc3 Bb7 11. Rb1 e6 12. Qc1 Ng4 13. h3 Nge5 14.
Nxe5 Nxe5 15. Rd1 Qh4 16. a4 Rad8 17. a5 h5 18. axb6 axb6 19. Ba1 Qg5 20. e4 Rd6 21.
Qxg5 1-0

[Event "Late-Titled-Tuesday-Blitz-March-05-2024"]
[Site "Chess.com"]
[Date "2024.03.05"]
[Round "9"]
[White "lamomiajunior"]
[Black "djano"]
[Result "1-0"]
[WhiteElo "2724"]
[BlackElo "2571"]
[TimeControl "180+1"]
[EndTime "15:36:47 PST"]
[Termination "lamomiajunior won by resignation"]

1. d4 Nf6 2. c4 g6 3. Nc3 Bg7 4. e4 d6 5. h3 O-O 6. Be3 e5 7.
d5 c6 8. Nf3 Na6 9. Nd2 Nh5 10.
g3 Nc5 11. Be2 cxd5 12. cxd5 Nf6 13. g4 a5 14. h4 Nfd7 15. h5 Bf6 16. Nc4 Bg5 17.
Qd2 Bxe3 18. Qxe3 Qe7 19. hxg6 fxg6 20. Nb5 Rf5 21. gxf5 1-0